AoeStats
← Manectric

QS Arena

503704061Analyzed
2v2 RM · 1mo ago on Sep 1, 2026· 42m 16s· 4 players
Game mode
Random Map
Map size
Medium (4 player)
Population
200
Speed
Normal
Resources
Standard
Victory
Conquest
Starting age
Dark Age
Ending age
Imperial Age
RankedLock teamsTeams togetherTeam positionsShared explorationLock speedFull tech treeHidden civsTurbo modeCheats
Victory
Defeat
🇵🇪 Poles · Peru
1396
+14
🇵🇪 Bohemians · Peru
1236
+21
🇦🇷 Teutons · Argentina
1429
-21
🇦🇷 Burgundians · Argentina
1286
-15
Manectric
4:18 Loom
6:43 Feudal Age
14:04 Double-Bit Axe
14:36 Horse Collar
14:59 Fletching
19:03 Castle Age
20:47 Bow Saw
21:35 Wheelbarrow
21:02 Heavy Plow
22:10 Gold Mining
24:18 Hand Cart
27:54 Imperial Age
26:54 Bodkin Arrow
27:05 Crossbowman
29:39 Chemistry
29:04 Bracer
29:45 Arbalester
33:20 Ballistics
37:15 Scale Mail Armor
37:18 Squires
37:04 Arson
36:39 Pikeman
37:07 Elite Obuch
38:45 Chain Mail Armor
38:57 Conscription
38:36 Stone Mining
38:32 Town Watch
39:12 Forging
40:05 Stone Shaft Mining
40:07 Plate Mail Armor
41:48 Iron Casting
Sukita
7:57 Feudal Age
8:42 Loom
13:00 Castle Age
13:56 Double-Bit Axe
26:04 Fletching
31:59 Bow Saw
35:11 Horse Collar
38:40 Imperial Age
36:26 Pikeman
39:56 Forging
39:46 Scale Mail Armor
39:15 Halberdier
42:01 Iron Casting
41:41 Chain Mail Armor
41:25 Bodkin Arrow
42:56 Two-Man Saw
42:34 Wheelbarrow
41:56 Arson
CTM | El Inadecuado
3:52 Loom
6:26 Feudal Age
7:08 Double-Bit Axe
10:17 Fletching
20:14 Castle Age
18:13 Horse Collar
20:57 Bodkin Arrow
24:30 Wheelbarrow
25:04 Bow Saw
28:28 Heavy Plow
32:32 Imperial Age
31:11 Scale Barding Armor
32:28 Chain Barding Armor
32:32 Forging
32:47 Bloodlines
32:36 Cavalier
34:10 Plate Barding Armor
34:13 Iron Casting
36:44 Blast Furnace
37:20 Padded Archer Armor
38:46 Hand Cart
38:10 Elite Skirmisher
39:58 Chemistry
39:48 Leather Archer Armor
41:29 Scale Mail Armor
The HOD
2:22 Double-Bit Axe
7:34 Wheelbarrow
9:03 Feudal Age
10:41 Hand Cart
13:20 Castle Age
13:44 Bow Saw
13:16 Horse Collar
22:10 Scale Barding Armor
23:18 Chain Barding Armor
25:14 Cavalier
27:11 Gold Mining
29:31 Gold Shaft Mining
34:57 Imperial Age
34:03 Light Cavalry
41:27 Two-Man Saw
40:31 Stone Mining
40:57 Scale Mail Armor
41:07 Forging
40:19 Man-at-Arms
Connection lost

Rejoining the realm…

Still unreachable

The connection could not be restored.

Session expired

The server has moved on; the page needs a fresh start.